 Dungeon Crawl Stone Soup version 0.19.5 (webtiles) character file.

23689 Monsterracer the Destroyer (level 12, -13/69 (70) HPs)
             Began as a Deep Elf Conjurer on May 7, 2017.
             Was a High Priest of Vehumet.
             Mangled by a freezing wraith (22 damage)
             ... in an ice cave.
             The game lasted 01:07:09 (19590 turns).

Monsterracer the Destroyer (Deep Elf Conjurer)     Turns: 19590, Time: 01:07:09

HP:   -13/69 (70)   AC:  9    Str:  5    XL:     12   Next: 74%
MP:   7/29          EV: 19    Int: 30    God:    Vehumet [*****.]
Gold: 568           SH:  0    Dex: 15    Spells: 12 memorised, 0 levels left

rFire  . . .     SeeInvis .     z - +3 flail (protect)
rCold  . . .     Gourm    +     B - +2 robe {rN+}
rNeg   + . .     Faith    .     (no shield)
rPois  +         Spirit   .     v - +1 hat
rElec  .         Reflect  .     l - +2 cloak
rCorr  .         Harm     .     L - +0 pair of gloves
MR     +....                    (no boots)
Stlth  ++........               p - amulet of the gourmand
                                d - +4 ring of intelligence
                                H - ring of poison resistance

@: repel missiles
A: no striking features
a: Renounce Religion


You were in an ice cave.
You worshipped Vehumet.
Vehumet was extremely pleased with you.
You were very full.

You visited 3 branches of the dungeon, and saw 15 of its levels.
You also visited: Ice Cave.

You collected 568 gold pieces.

Inventory:

Hand Weapons
 z - a +3 flail of protection (weapon)
Armour
 l - a +2 cloak (worn)
 v - a +1 hat (worn)
 B - a +2 robe of positive energy (worn)
 L - a +0 pair of gloves (worn)
Jewellery
 a - a +2 ring of intelligence
 d - a +4 ring of intelligence (right hand)
 o - an uncursed ring of flight
 p - an amulet of the gourmand (around neck)
 G - an uncursed ring of resist corrosion
 H - a ring of poison resistance (left hand)
 N - an uncursed ring of fire
Wands
 n - a wand of iceblast (8/15)
 q - a wand of lightning (9/15)
 s - a wand of disintegration (6/24)
 u - a wand of digging (14/24)
 C - a wand of paralysis (14/24)
 E - a wand of iceblast (9/15)
 O - a wand of lightning (8/15)
 R - a wand of lightning (9/15)
Scrolls
 b - 4 scrolls of remove curse
 e - a scroll of fear
 h - a scroll of fog
 k - 2 scrolls of identify
 t - a scroll of blinking
 y - 2 scrolls of immolation
 F - 2 scrolls of teleportation
Potions
 j - 3 potions of might
 m - 4 potions of curing
 r - a potion of ambrosia
 D - a potion of heal wounds
 J - a potion of agility
 M - a potion of haste
Books
 w - a book of Air

   Spells                             Type                      Level
   a - Shock                          Conjuration/Air              1
   b - Swiftness                      Charms/Air                   2
   c - Repel Missiles                 Charms/Air                   2
   d - Static Discharge               Conjuration/Air              3
   e - Lightning Bolt                 Conjuration/Air              5
 I - a book of Necromancy

   Spells                             Type                      Level
   a - Pain                           Necromancy                   1
   b - Animate Skeleton               Necromancy                   1
   c - Vampiric Draining              Necromancy                   3
   d - Regeneration                   Charms/Necromancy            3
   e - Animate Dead                   Necromancy                   4
   f - Control Undead                 Necromancy                   4
 K - a book of Power

   Spells                             Type                      Level
   a - Fulminant Prism                Conjuration/Hexes            4
   b - Iskenderun's Mystic Blast      Conjuration                  4
   c - Venom Bolt                     Conjuration/Poison           5
   d - Bolt of Magma                  Conjuration/Fire/Earth       5
   e - Iron Shot                      Conjuration/Earth            6
   f - Orb of Destruction             Conjuration                  7
   g - Spellforged Servitor           Conjuration/Summoning        7
Comestibles
 c - 8 bread rations
 f - 8 meat rations
 g - 5 beef jerkies
 i - a royal jelly
 x - 8 slices of pizza
 A - 7 fruits


   Skills:
 + Level 6.1 Fighting
 + Level 9.7 Dodging
 - Level 2.4 Stealth
 + Level 11.8 Spellcasting
 * Level 13.8 Conjurations
 - Level 9.0 Hexes
 - Level 10.0 Charms
 * Level 2.6 Fire Magic
 - Level 3.0 Air Magic
   Level 2.6 Earth Magic


You couldn't memorise any spells.
You knew the following spells:

 Your Spells              Type           Power        Failure   Level  Hunger
a - Magic Dart            Conj           ####         0%          1    None
b - Searing Ray           Conj           ######       0%          2    None
c - Fulminant Prism       Conj/Hex       ######....   1%          4    None
d - Iskenderun's Battles  Conj/Chrm      ######..     1%          5    ##.....
e - Tukima's Dance        Hex            ######..     1%          3    None
f - Mephitic Cloud        Conj/Pois/Air  ######..     1%          3    None
g - Static Discharge      Conj/Air       ######..     1%          3    None
h - Throw Frost           Conj/Ice       ######       1%          2    None
i - Bolt of Fire          Conj/Fire      ######....   4%          6    ####...
j - Summon Butterflies    Summ           ###.....     3%          1    None
k - Repel Missiles        Chrm/Air       ######       1%          2    None
l - Swiftness             Chrm/Air       ######..     1%          2    None


Dungeon Overview and Level Annotations

Branches:
Dungeon (10/15)            Temple (1/1) D:7            Lair (4/6) D:10
  Snake (0/4) Lair:3          Orc (0/2) D:10
  Swamp: Lair:2-4    Shoals: Lair:2-4

Altars:
Ashenzari
Cheibriados
Dithmenos
Elyvilon
Fedhas
Gozag
Hepliaklqana
Kikubaaqudgha
Makhleb
Nemelex Xobeh
Okawaru
Qazlal
Ru
Sif Muna
Trog
Uskayaw
Vehumet
Xom
Yredelemnul
Zin
The Shining One

Shops:
D:5 *

Annotations:
D:10 4 runed doors


Message History

Press: ? - help, Shift-Dir - straight line, f/p - freezing wraith
Aim: a freezing wraith (severely damaged)
The searing ray hits the freezing wraith.
The freezing wraith is almost destroyed. (Press . to maintain the ray.)
Your battlesphere fires!
The barrage of energy hits the freezing wraith.
The freezing wraith is almost destroyed.
The freezing wraith closely misses you. The freezing wraith hits you!
* * * LOW HITPOINT WARNING * * *
The searing ray hits the freezing wraith.
The freezing wraith is almost destroyed.
Your battlesphere fires!
The barrage of energy hits the freezing wraith.
The freezing wraith is almost destroyed.
Your battlesphere expends the last of its energy and dissipates.
The freezing wraith hits you.
* * * LOW HITPOINT WARNING * * *
The freezing wraith freezes you!!
You die...

...# ...# W..#
... ..## #####
..# ##ยง..###.##
##.....##..#
#...#@W.#..#
#..####....#
##..# ##...#
##..## ##.##
##...# ###
##....## ####
#......#
###..####.....##
##....##.......#


You could see a freezing wraith.

Vanquished Creatures
  2 hydras
  2 hill giants (D:10)
  A cyclops (D:9)
  2 black mambas (Lair:3)
  Psyche (D:8)
  A gargoyle (D:10)
  6 spiny frogs
  2 rime drakes (Lair:1)
  2 freezing wraiths (IceCv)
  3 komodo dragons
  A troll (D:9)
  6 hippogriffs
  10 blink frogs
  14 yaks
  A human (D:9)
  A wyvern (D:8)
  4 basilisks
  A hungry ghost (D:10)
  A warg (D:10)
  9 water moccasins
  2 nagas (Lair:3)
  11 porcupines
  8 orc warriors
  A sky beast (D:9)
  A black bear (D:6)
  7 ice beasts
  2 necrophages (D:7)
  5 ogres
  2 centaurs (D:9)
  10 wolves (Lair:3)
  7 crocodiles
  A big kobold (D:7)
  18 bullfrogs
  3 scorpions
  3 elephant simulacra (IceCv)
  3 howler monkeys
  8 wights
  4 jellies
  A crimson imp (D:9)
  A lava snake (Lair:2)
  2 quasits
  A centaur zombie (D:6)
  13 orc priests
  4 hounds
  4 iguanas
  A bullfrog skeleton (D:5)
  21 orc wizards
  A hell rat (D:10)
  7 worker ants
  A polar bear simulacrum (IceCv)
  A hound zombie (D:9)
  A hound skeleton (D:10)
  A mummy (D:8)
  A worker ant zombie (D:10)
  12 adders
  3 river rats (D:10)
  4 shadow imps
  5 white imps (IceCv)
  2 oozes
  5 adder zombies
  6 worms
  6 dart slugs
  5 leopard geckos
  76 orcs
  7 bats
  A giant cockroach (D:4)
  9 goblins
  10 hobgoblins
  7 jackals
  9 quokkas
  5 ball pythons
  4 frilled lizards
  A jackal skeleton (D:6)
  2 jackal zombies
  14 kobolds
  A leopard gecko zombie (D:9)
  10 rats
  A plant (D:1)
432 creatures vanquished.

Vanquished Creatures (others)
  35 fulminant prisms
  4 fungi
  3 plants (Lair:3)
  2 withered plants (D:8)
44 creatures vanquished.

Grand Total: 476 creatures vanquished

Notes
Turn   | Place    | Note
-------+----------+-------------------------------------------
     0 | D:1      | Monsterracer the Deep Elf Conjurer began the quest for the Orb.
     0 | D:1      | Reached XP level 1. HP: 10/10 MP: 6/6
   258 | D:1      | Reached XP level 2. HP: 15/15 MP: 6/8
   325 | D:1      | Learned a level 2 spell: Searing Ray
   700 | D:1      | Reached skill level 5 in Conjurations
  1001 | D:1      | Reached XP level 3. HP: 19/19 MP: 8/10
  1464 | D:2      | Found an opulent altar of Gozag.
  1774 | D:2      | Reached XP level 4. HP: 22/24 MP: 4/12
  1836 | D:2      | Learned a level 4 spell: Iskenderun's Mystic Blast
  1909 | D:2      | Found a glowing silver altar of Zin.
  2330 | D:3      | Reached skill level 6 in Conjurations
  2330 | D:3      | Reached XP level 5. HP: 16/28 MP: 9/14
  2330 | D:3      | Reached skill level 5 in Spellcasting
  2952 | D:2      | Learned a level 5 spell: Iskenderun's Battlesphere
  2991 | D:3      | Found a faded altar of an unknown god.
  3124 | D:3      | Found an iron altar of Okawaru.
  3129 | D:3      | Reached skill level 1 in Charms
  3547 | D:3      | Reached XP level 6. HP: 32/32 MP: 14/16
  3553 | D:3      | Learned a level 4 spell: Fulminant Prism
  3779 | D:4      | Learned a level 3 spell: Tukima's Dance
  3895 | D:4      | Reached skill level 7 in Conjurations
  4360 | D:4      | Reached XP level 7. HP: 36/36 MP: 10/18
  4565 | D:4      | Found a bloodstained altar of Trog.
  5015 | D:5      | Entered Level 5 of the Dungeon
  5015 | D:5      | Found Telycs Yriku's General Store.
  5192 | D:5      | Reached skill level 8 in Conjurations
  5308 | D:5      | Reached skill level 1 in Fighting
  5370 | D:5      | Reached skill level 1 in Hexes
  5718 | D:5      | Found a glowing golden altar of the Shining One.
  5723 | D:5      | Found a basalt altar of Yredelemnul.
  5725 | D:5      | Noticed a profane servitor
  5820 | D:5      | Found a deep blue altar of Sif Muna.
  5883 | D:5      | Noticed an angel
  6126 | D:6      | Reached XP level 8. HP: 43/43 MP: 12/20
  6261 | D:6      | Found a bloodstained altar of Trog.
  6801 | D:6      | Reached skill level 9 in Conjurations
  6801 | D:6      | Reached skill level 5 in Charms
  7616 | D:7      | Found a staircase to the Ecumenical Temple.
  7656 | D:7      | Noticed a hippogriff
  7665 | D:7      | Killed a hippogriff
  7665 | D:7      | Reached XP level 9. HP: 49/49 MP: 13/22
  7734 | Temple   | Entered the Ecumenical Temple
  7817 | Temple   | Became a worshipper of Vehumet
  7932 | D:7      | Learned a level 6 spell: Invisibility
  8751 | D:7      | Reached skill level 5 in Dodging
  9037 | D:8      | Reached skill level 10 in Conjurations
  9656 | D:8      | Learned a level 1 spell: Summon Butterflies
  9753 | D:8      | Noticed Psyche
  9934 | D:8      | Killed Psyche
  9934 | D:8      | Reached skill level 5 in Hexes
 10161 | D:8      | Reached * piety under Vehumet
 10161 | D:8      | Offered knowledge of Shock by Vehumet.
 10448 | D:8      | Reached XP level 10. HP: 55/55 MP: 20/24
 11056 | D:9      | Reached skill level 11 in Conjurations
 11157 | D:9      | Reached ** piety under Vehumet
 11157 | D:9      | Offered knowledge of Throw Frost by Vehumet.
 11161 | D:9      | Learned a level 2 spell: Throw Frost
 12027 | D:9      | Noticed a cyclops
 12032 | D:9      | Killed a cyclops
 12039 | D:9      | Offered knowledge of Static Discharge by Vehumet.
 12044 | D:9      | Learned a level 3 spell: Static Discharge
 12249 | D:9      | Found a sacrificial altar of Ru.
 12295 | D:9      | Reached *** piety under Vehumet
 12496 | D:10     | Entered Level 10 of the Dungeon
 12791 | D:10     | Found a staircase to the Lair.
 12832 | D:10     | Noticed a hill giant
 12838 | D:10     | Killed a hill giant
 12838 | D:10     | Reached skill level 10 in Spellcasting
 12899 | D:10     | Noticed a hill giant
 12903 | D:10     | Offered knowledge of Mephitic Cloud by Vehumet.
 12903 | D:10     | Reached XP level 11. HP: 61/61 MP: 14/27
 12908 | D:10     | Killed a hill giant
 12918 | D:10     | Learned a level 3 spell: Mephitic Cloud
 13028 | D:10     | Found a huge runed gate.
 13028 | D:10     | Found a huge runed gate.
 13029 | D:10     | Found a huge runed gate.
 13029 | D:10     | Noticed a death yak
 13032 | D:10     | Found a huge runed gate.
 13380 | D:10     | Found a staircase to the Orcish Mines.
 13542 | Lair:1   | Entered Level 1 of the Lair of Beasts
 13554 | Lair:1   | Reached skill level 12 in Conjurations
 13809 | Lair:1   | Reached skill level 1 in Air Magic
 14199 | Lair:1   | Reached **** piety under Vehumet
 14407 | Lair:1   | Reached skill level 5 in Fighting
 14409 | Lair:1   | Noticed a six-headed hydra
 14511 | D:10     | Offered knowledge of Lee's Rapid Deconstruction by Vehumet.
 14519 | D:10     | Learned a level 5 spell: Lee's Rapid Deconstruction
 15104 | D:10     | Killed a six-headed hydra
 15921 | Lair:1   | Reached skill level 10 in Charms
 16851 | Lair:2   | Reached skill level 1 in Earth Magic
 16853 | Lair:2   | Reached XP level 12. HP: 67/67 MP: 24/29
 16927 | Lair:2   | Learned a level 2 spell: Repel Missiles
 16930 | Lair:2   | Learned a level 2 spell: Swiftness
 16999 | Lair:2   | Identified the Grimoire of Aid and the Frostbite
 17234 | Lair:3   | Reached skill level 13 in Conjurations
 17905 | Lair:3   | Reached ***** piety under Vehumet
 17909 | Lair:3   | Offered knowledge of Bolt of Fire by Vehumet.
 18634 | Lair:3   | Found a staircase to the Snake Pit.
 18888 | Lair:3   | Learned a level 6 spell: Bolt of Fire
 18977 | Lair:4   | Noticed a seven-headed hydra
 19130 | Lair:4   | Killed a seven-headed hydra
 19130 | Lair:4   | Reached skill level 1 in Fire Magic
 19287 | Lair:4   | Found a frozen archway.
 19296 | IceCv    | Entered an ice cave
 19590 | IceCv    | Mangled by a freezing wraith

Skill      XL: |  1  2  3  4  5  6  7  8  9 10 11 12 |
---------------+-------------------------------------+-----
Conjurations   | 5 6 7 8 9 10 11 12 13 | 13.8
Spellcasting   | 4 5 6 7 8 10 11 | 11.8
Charms         | 1 3 4 5 7 8 10 | 10.0
Fighting       | 1 2 3 4 5 6 |  6.1
Dodging        | 3 4 5 7 8 9 |  9.7
Hexes          | 1 3 5 6 8 9 |  9.0
Air Magic      | 3 |  3.0
Earth Magic    | 1 2 |  2.6
Fire Magic     | 2 |  2.6
Stealth        | |  2.4

Action                   |  1- 3 |  4- 6 |  7- 9 | 10-12 || total
-------------------------+-------+-------+-------+-------++-------
Melee: Short sword       |    77 |     5 |       |       ||    82
       Dagger            |       |       |     3 |       ||     3
       Flail             |       |       |       |     6 ||     6
 Cast: Magic Dart        |    74 |    93 |   190 |   362 ||   719
       Searing Ray       |     1 |    21 |    40 |    87 ||   149
       Iskenderun's Batt |       |     1 |    15 |    38 ||    54
       Fulminant Prism   |       |       |     5 |    30 ||    35
       Throw Frost       |       |       |       |     8 ||     8
       Tukima's Dance    |       |       |       |     1 ||     1
       Static Discharge  |       |       |       |     2 ||     2
       Bolt of Fire      |       |       |       |     4 ||     4
       Repel Missiles    |       |       |       |     1 ||     1
  Use: Scroll            |     1 |    12 |     5 |    13 ||    31
       Potion            |     1 |     2 |     3 |     5 ||    11
  Eat: Chunk             |     2 |    11 |    27 |    33 ||    73
Armor: Robe              |     3 |     1 |     7 |    28 ||    39
Dodge: Dodged            |     3 |    14 |    60 |   161 ||   238
       Deflected         |       |       |       |     3 ||     3
